 Dungeon Crawl Stone Soup version 0.31-a0-986-g5e6e4ef867 (webtiles) character file.

Game seed: 17554941037033697242

78 Arex the Shield-Bearer (level 4, 0/31 HPs)
             Began as an Octopode Fighter on Nov 8, 2023.
             Slain by a gnoll
             ... wielding a +0 spear
              (4 damage)
             ... on level 3 of the Dungeon.
             The game lasted 00:01:30 (1742 turns).

Arex the Shield-Bearer (Octopode Fighter)           Turns: 1742, Time: 00:01:31

Health: 0/31       AC:  1    Str: 17    XL:     4   Next: 36%
Magic:  4/4        EV: 18    Int: 10    God:
Gold:   105        SH:  4    Dex: 11    Spells: 3/3 levels left

rFire   . .          .
                       - Unarmed
rCold   . . .        a - +0 buckler
rNeg    . . .        (helmet restricted)
rPois   .            (no amulet)
rElec   .            j - +5 ring of evasion
rCorr   .            (no ring)
SInv    .            (no ring)
Will    .....        (no ring)
Stlth   ++           (no ring)
HPRegen 0.25/turn    (no ring)
MPRegen 0.09/turn    (no ring)
                     (no ring)

%: no passive effects
@: no status effects
A: almost no armour, amphibious, 8 rings, camouflage 1, gelatinous body 1,
(nimble swimmer 1), tentacles
a: no special abilities


You were on level 3 of the Dungeon.
You visited 1 branch of the dungeon, and saw 3 of its levels.

You collected 105 gold pieces.

Inventory:

Armour
 a - a +0 buckler (worn)
Jewellery
 j - a +5 ring of evasion (left tentacle)
Scrolls
 d - a scroll of revelation {unknown}
 f - a scroll of blinking {unknown}
 h - a scroll of immolation
Potions
 b - a potion of might
 c - a potion of heal wounds {unknown}
 e - a potion of curing {unknown}
 i - a potion of degeneration {unknown}


   Skills:
 + Level 3.5 Fighting
 + Level 3.6 Dodging
 + Level 3.6 Shields
 + Level 2.7 Unarmed Combat


You had 3 spell levels left.
You didn't know any spells.
Your spell library was empty.

Dungeon Overview and Level Annotations

Branches:
Dungeon (3/15)

Altars:


Innate Abilities, Weirdness & Mutations

You cannot wear most types of armour.
You are amphibious.
You can wear up to eight rings at the same time.
Your skin changes colour to match your surroundings (Stealth+).
Your rubbery body absorbs attacks. (AC +1, EV +1)
((You are camouflaged when in or above water. (Stealth+)))
You have tentacles for arms and can constrict up to eight enemies at once.


Message History

A gnoll comes into view. It is wielding a +0 spear.
A gnoll is nearby!
A gnoll is nearby!
A gnoll is nearby!
The gnoll shouts!
You hear a shout!
A gnoll comes into view. It is wielding a +0 whip.
The gnoll shouts!
You throw a poisoned dart. The poisoned dart hits the gnoll.
The gnoll is poisoned.
A gnoll comes into view. It is wielding a +0 halberd.
You throw a poisoned dart. The poisoned dart hits the gnoll.
You throw a poisoned dart.
The poisoned dart barely misses the gnoll.
The gnoll looks more healthy.
The gnoll attacks as it pursues you! The gnoll barely misses you.
The gnoll throws a throwing net.
The throwing net hits you.
You become entangled in the net!
You see here a throwing net.
You struggle against the net.
You tear a large gash into the net.
You struggle against the net.
The gnoll misses you.
You rip the net and break free!
You block the gnoll's attack. You block the gnoll's attack.
The gnoll attacks as it pursues you! The gnoll barely misses you.
There is a stone staircase leading down here.
You aren't carrying any items that you can evoke.
The gnoll barely misses you. The gnoll hits you with a +0 spear.
You tentacle-slap the gnoll. You grab the gnoll.
The gnoll is heavily wounded.
You constrict the gnoll. The gnoll misses you.
The gnoll hits you from afar with a +0 halberd!
Ouch! That really hurt!
The gnoll hits you with a +0 whip.
* * * LOW HITPOINT WARNING * * *
As you read the scroll labelled ASOONG JEJEUKI, it crumbles to dust.
It is a scroll of identify.
h - a scroll of immolation You constrict the gnoll.
The gnoll hits you with a +0 spear.
You die...

+................... #. ....
#########.##.####### .##.##
... #.##.# ...... [.#
###....# .....##.# #....###
# ..#...# ##.#.## .# #....#
#..#+###### ..# #....#
####.#........
...###...######g@..#...#####
...#..#...#....g####...##
..#....#......g..#......#
##.....#...>.....#......#
.........#.......#......#
######..##.......#......#
##.##.......#......#
#.##.......#......#
#.##########......#


You could see 3 gnolls.

Vanquished Creatures
  3 adders (D:2)
  2 dart slugs (D:1)
  An orc (D:3)
  3 bats
  An endoplasm (D:1)
  4 giant cockroaches
  2 goblins (D:1)
  2 hobgoblins
  9 jackals
  3 quokkas
  3 ball pythons
  2 frilled lizards
  3 kobolds
  2 rats (D:1)
40 creatures vanquished.

Notes
Turn   | Place    | Note
-------+----------+-------------------------------------------
     0 | D:1      | Arex the Octopode Fighter began the quest for the Orb.
     0 | D:1      | Reached XP level 1. HP: 16/16 MP: 1/1
   163 | D:1      | Reached XP level 2. HP: 21/21 MP: 2/2
   457 | D:1      | Reached XP level 3. HP: 24/26 MP: 3/3
  1208 | D:2      | Reached XP level 4. HP: 31/31 MP: 4/4
  1742 | D:3      | Slain by a gnoll

Illustrated notes

Levels and vault maps discovered:
D:1:      dpeg_arrival_tiny_h, layout_loops_ring
D:2:      layout_loops_ring
D:3:      cheibrodos_pilgrimage, layout_basic, minmay_misc_feat_chi,
          uniq_grinder

Action                     |  1- 3 |  4- 6 || total
---------------------------+-------+-------++-------
  Melee: Unarmed           |    88 |     9 ||    97
         Tentacles         |    16 |     2 ||    18
         Constrict         |    22 |     2 ||    24
         Punch             |     3 |       ||     3
  Throw: Dart              |     2 |     4 ||     6
    Use: Scroll            |       |     1 ||     1
   Stab: Sleeping          |    13 |     1 ||    14
 Armour: Skin              |    33 |     6 ||    39
  Dodge: Dodged            |    27 |     8 ||    35
  Block: Buckler           |    21 |     4 ||    25

Table legend: (Time is in decaauts)
 A = Elapsed time spent in this place.
 B = Non-inter-level travel time spent in this place.
 C = Inter-level travel time spent in this place.
 D = Time resting spent in this place.
 E = Time spent auto-exploring this place.
 F = Levels seen in this place.
 G = Mean time per level.
                   A        B        C        D        E       F      G
               +--------+--------+--------+--------+--------+-----+--------+
         Total |   1739 |   1717 |     22 |      0 |   1408 |   3 |  579.7 |
       Dungeon |   1739 |   1717 |     22 |      0 |   1408 |   3 |  579.7 |
               +--------+--------+--------+--------+--------+-----+--------+

Top non-repeatable levels by time:
     D:2: 811 daAuts
     D:1: 757 daAuts
     D:3: 170 daAuts
